 Dungeon Crawl Stone Soup version 0.17-a0-1-g1f4be75 (console) character file.

4170 mauris the Summoner (level 10, 11/37 HPs)
             Began as a Felid Ice Elementalist on Mar 4, 2015.
             Was a Believer of Ashenzari.
             Quit the game on level 1 of the Lair of Beasts.
             The game lasted 01:37:07 (22730 turns).

mauris the Summoner (Felid Ice Elementalist)       Turns: 22730, Time: 01:37:07

Health: 11/37      AC: 11    Str:  4    XL:     10   Next: 7%
Magic:  3/26       EV: 27    Int: 19    God:    Ashenzari [**....]
Gold:   325        SH:  0    Dex: 18    Spells: 6 memorised, 2 levels left
                                        Lives:  1   Deaths: 2

rFire  x . .     SeeInvis +     (weapon unavailable)
rCold  + . .     Clarity  .     (armour unavailable)
rNeg   . . .     SustAb   .     (shield unavailable)
rPois  .         Gourm    .     (helmet unavailable)
rElec  .         Spirit   .     (cloak unavailable)
rCorr  .         Warding  .     (gloves unavailable)
rMut   .         Stasis   .     (boots unavailable)
MR     +....                    x - amulet of regeneration (curse)
Stlth  ++++......               J - ring of ice
                                o - +2 ring of evasion (curse)

@: icy armour, quick, somewhat resistant to hostile enchantments, stealthy
A: paw claws, no armour, no weapons or thrown items, fangs 3, see invisible,
carnivore 3, speed 1, shaggy fur 2, slow metabolism 1, sharp paws
a: Renounce Religion


You were on level 1 of the Lair of Beasts.
You worshipped Ashenzari.
Ashenzari was pleased with you.
You were not hungry.

You visited 3 branches of the dungeon, and saw 12 of its levels.

You collected 383 gold pieces.
You spent 58 gold pieces at shops.

Inventory:

Missiles
 r - a throwing net
Jewellery
 o - a cursed +2 ring of evasion (left paw)
 u - an uncursed ring of positive energy
 x - a cursed amulet of regeneration (around neck)
 J - a ring of ice (right paw)
 M - an uncursed amulet of resist mutation
Magical devices
 a - a wand of random effects (18)
 e - a wand of draining (3)
 s - a wand of slowing (23)
 v - a wand of cold (7)
 C - a wand of paralysis (6)
 F - a wand of frost (12)
 G - a wand of digging (6)
 N - a wand of invisibility (3)
Scrolls
 f - 2 scrolls of remove curse
 y - a scroll of immolation {unknown}
 A - a scroll of enchant armour {unknown}
 B - a scroll of enchant weapon {unknown}
 E - a scroll of brand weapon {unknown}
 I - a scroll of fear {unknown}
 K - 3 scrolls of curse jewellery
 O - a scroll of random uselessness {unknown}
 P - 3 scrolls of magic mapping
Potions
 d - 2 potions of curing {@q1}
 g - a potion of restore abilities
 h - a potion of heal wounds {@q2}
 i - a potion of invisibility
 k - a potion of brilliance
 l - 2 potions of flight
 m - 2 potions of might
 n - a potion of mutation {!q}
 p - a potion of ambrosia {unknown}
 q - a potion of magic {unknown}
 H - 3 potions of agility
 L - a potion of cancellation {unknown}
 S - a potion of experience {unknown}
Books
 b - a book of Frost

   Spells                             Type                      Level
   a - Freeze                         Ice                          1
   b - Throw Frost                    Conjuration/Ice              2
   c - Ozocubu's Armour               Charms/Ice                   3
   d - Throw Icicle                   Conjuration/Ice              4
   e - Summon Ice Beast               Ice/Summoning                4
   f - Condensation Shield            Ice                          4
 z - a book of Transfigurations

   Spells                             Type                      Level
   a - Stoneskin                      Transmutation/Earth          2
   b - Irradiate                      Conjuration/Transmutation    5
   c - Statue Form                    Transmutation/Earth          6
   d - Hydra Form                     Transmutation                6
   e - Dragon Form                    Transmutation                7
 D - a book of Dreams

   Spells                             Type                      Level
   a - Ensorcelled Hibernation        Hexes/Ice                    2
   b - Flight                         Charms/Air                   3
   c - Phase Shift                    Translocation                5
   d - Shadow Creatures               Summoning                    5
   e - Mass Confusion                 Hexes                        6
   f - Darkness                       Hexes                        7
 Q - a Necronomicon {highlevel, unknown}

   This book is beyond your current level of understanding.

   Spells                             Type                      Level
   a - Haunt                          Necromancy/Summoning         7
   b - Borgnjor's Revivification      Necromancy                   8
   c - Death's Door                   Charms/Necromancy            8
   d - Necromutation                  Transmutation/Necromancy     8
Miscellaneous
 t - a stone of tremors (inert)
Comestibles
 c - 5 meat rations
 j - a slice of pizza
 w - 8 beef jerkies


   Skills:
 - Level 8.9 Dodging
 - Level 5.8 Stealth
 - Level 5.8 Spellcasting
 - Level 5.3(6.8) Conjurations
 - Level 5.9(7.4) Charms
 - Level 9.0(10.4) Summonings
 - Level 6.9(8.4) Ice Magic
 + Level 4.9(6.3) Evocations


You had 2 spell levels left.
You knew the following spells:

 Your Spells              Type           Power        Failure   Level  Hunger
a - Freeze                Ice            ####         1%          1    None
b - Throw Frost           Conj/Ice       ######       1%          2    None
c - Throw Icicle          Conj/Ice       ######..     6%          4    ####...
o - Ozocubu's Armour      Chrm/Ice       ######..     1%          3    ##.....
s - Condensation Shield   Ice            ######....   4%          4    ####...
I - Summon Ice Beast      Ice/Summ       ######..     2%          4    ####...


Dungeon Overview and Level Annotations

Branches:
Dungeon (10/15)            Temple (1/1) D:6            Lair (1/8) D:10
    Orc: D:9-12

Altars:
Ashenzari
Dithmenos
Fedhas
Gozag
Makhleb
Nemelex Xobeh
Okawaru
Qazlal
Ru
Vehumet
Xom
Yredelemnul

Shops:
D:7 ((*:[

Annotations:
D:5 exclusion: green death
D:7 d&d!
D:8 cyclops!
D:10 Josephine; Noname's ghost, experienced DsWz


Innate Abilities, Weirdness & Mutations

You cannot wear armour.
You are incapable of wielding weapons or throwing items.
You have razor-sharp teeth.
You have supernaturally acute eyesight.
You are carnivorous and can eat meat at any time.
You cover ground quickly.
You are covered in thick fur (AC +2).
You have a slow metabolism.
Your paws have sharp claws that are effective at stabbing.


Message History

The door collapses!
The rubble rises up and takes form.
You hear an angry hiss. x2
You hear a loud, deep croak!
Read which item? (? for menu, Esc to quit)
Okay, then.
Evoke which item? (* to show all) (? for menu, Esc to quit)
Aiming: Phantom Mirror
Press: ? - help, Dir - move target cursor, f - yak
Aim: a yak (heavily wounded)
You reflect the yak with the mirror, and the mirror shatters!
The yak gores you but does no damage.
Your yak gores the yak but does no damage.
The yak gores you but does no damage. The yak gores your yak.
The yak misses you.
Your yak gores the yak.
An iguana comes into view.
Unknown command.
Unknown command.
The yak closely misses your yak. The yak gores your yak!
Are you sure you want to abandon this character and quit the game? (Confirm with "yes".)

#.#.###########.#####
*,
##...Y...YY...........,
#..Y.#######..........
#....## ##........... *
##YB..# ...<.Y......
#....# *,#.l.##.###P+
#%..# *#...P.....
##...# ##...l....(.
#...Y# ** #..@........
* ##...#*,,
#.......#### *
#..0..#####YY........
##.......YY...E...... ,
, ,
#.......Y........... ,
#..................
#.................. ,,
##......##...#.P## *
#.....# .##..### ,, *


You could see 4 yaks, 2 iguanas, a friendly earth elemental and a friendly yak.

Vanquished Creatures
  A centaur warrior (D:9)
  A troll (D:9)
  A two-headed ogre (D:9)
  Eustachio (D:5)
  A wyvern (D:8)
  A hippogriff (D:7)
  A water moccasin (D:9)
  2 orc warriors
  A black bear (D:7)
  A wasp (D:7)
  An ice beast (D:6)
  2 necrophages
  9 ogres
  2 crocodiles
  A centaur (D:5)
  A gnoll sergeant (D:7)
  2 giant frogs (D:8)
  7 scorpions
  12 killer bees
  4 crimson imps
  3 goliath beetles
  Dowan (D:7)
  3 jellies
  2 giant frog zombies
  A human zombie (D:9)
  19 orc wizards
  7 orc priests
  A centaur zombie (D:9)
  4 giant frog skeletons
  A hound (D:7)
  7 worker ants
  3 iguanas
  An ogre zombie (D:9)
  A hound zombie (D:8)
  A hound skeleton (D:5)
  5 gnolls (D:7)
  20 adders
  A shadow imp (D:8)
  2 giant mites
  5 worms
  An adder zombie (D:9)
  5 giant geckos
  45 orcs
  A ball python (D:1)
  15 bats
  2 bat skeletons
  6 giant cockroaches
  17 goblins
  31 hobgoblins
  11 jackals
  16 kobolds
  A quokka (D:5)
  5 giant newts
  A quokka skeleton (D:9)
  A quokka zombie (D:8)
  22 rats
320 creatures vanquished.

Vanquished Creatures (collateral kills)
  2 hill giants
  An elephant (D:10)
  A two-headed ogre (D:9)
  2 wraiths
  2 yaks (Lair:1)
  A hungry ghost (D:8)
  A water moccasin (D:6)
  A sky beast (D:9)
  An ice beast (D:9)
  2 ogres (D:8)
  3 orc warriors
  A crocodile (D:10)
  Duvessa (D:7)
  2 centaurs
  2 elf zombies (D:9)
  6 killer bees
  3 wights (D:8)
  An orc priest (D:8)
  A giant frog skeleton (D:8)
  A giant frog zombie (D:8)
  3 human zombies (D:9)
  A centaur zombie (D:10)
  An iguana (D:8)
  2 orc wizards
  2 mummies (D:9)
  4 orcs (D:8)
  A kobold (D:10)
  An orc zombie (D:9)
  A quokka skeleton (D:8)
51 creatures vanquished.

Vanquished Creatures (others)
  17 ice beasts
  2 killer bees (D:6)
  A hobgoblin (D:6)
  A jackal skeleton (D:6)
21 creatures vanquished.

Grand Total: 392 creatures vanquished

Notes
Turn   | Place    | Note
--------------------------------------------------------------
     0 | D:1      | mauris, the Felid Ice Elementalist, began the quest for the Orb.
     0 | D:1      | Reached XP level 1. HP: 7/7 MP: 4/4
   242 | D:1      | Huge Dmg: 4 Dmg
   242 | D:1      | Reached skill level 3 in Stealth
   242 | D:1      | Reached XP level 2. HP: 4/11 MP: 3/5
  1239 | D:1      | Reached XP level 3. HP: 14/14 MP: 6/8
  1245 | D:1      | Learned a level 3 spell: Ozocubu's Armour
  1429 | D:1      | Huge Dmg: 5 Dmg
  1948 | D:2      | Reached skill level 1 in Charms
  2017 | D:2      | Learned a level 2 spell: Throw Frost
  2303 | D:2      | Huge Dmg: 8 Dmg
  2318 | D:2      | Huge Dmg: 3 Dmg
  2755 | D:2      | Reached XP level 4. HP: 18/18 MP: 5/11
  3766 | D:2      | Reached XP level 5. HP: 21/21 MP: 1/12
  3856 | D:2      | Huge Dmg: 4 Dmg
  3962 | D:3      | Reached skill level 4 in Stealth
  4387 | D:3      | Found a shattered altar of Ashenzari.
  4508 | D:3      | Became a worshipper of Ashenzari the Shackled
  5618 | D:4      | Huge Dmg: 7 Dmg
  5623 | D:4      | Huge Dmg: 6 Dmg
  6332 | D:4      | Huge Dmg: 4 Dmg
  6337 | D:4      | Gained mutation: You are covered in thick fur (AC +2). [growing up]
  6337 | D:4      | Reached XP level 6. HP: 13/24 MP: 15/15
  6882 | D:4      | Huge Dmg: 11 Dmg
  7550 | D:4      | Found an iron altar of Okawaru.
  7667 | D:4      | Reached skill level 5 in Charms
  7994 | D:4      | Reached skill level 5 in Stealth
  8076 | D:4      | You fall through a shaft for 3 floors!
  8139 | D:7      | Reached XP level 7. HP: 24/27 MP: 0/17
  8250 | D:7      | Found Camylodo's Assorted Antiques.
  8257 | D:7      | Bought a scroll of identify for 58 gold pieces
  8384 | D:7      | Reached skill level 5 in Dodging
  8413 | D:7      | Huge Dmg: 6 Dmg
  8621 | D:7      | Noticed Dowan
  8641 | D:7      | Found Muapsa's Antique Armour Emporium.
  8642 | D:7      | Noticed Duvessa
  8784 | D:5      | Entered Level 5 of the Dungeon
  8986 | D:4      | Huge Dmg: 4 Dmg
  8992 | D:4      | Huge Dmg: 3 Dmg
  9176 | D:4      | rip that orc
  9277 | D:4      | Huge Dmg: 12 Dmg
  9278 | D:4      | Huge Dmg: 12 Dmg
  9280 | D:4      | hi
  9798 | D:5      | Reached skill level 6 in Dodging
  9937 | D:5      | Learned a level 4 spell: Condensation Shield
 10112 | D:5      | Reached skill level 5 in Ice Magic
 10147 | D:5      | Found an opulent altar of Gozag.
 10158 | D:5      | Huge Dmg: 8 Dmg
 10160 | D:5      | Huge Dmg: 5 Dmg
 10163 | D:5      | Huge Dmg: 9 Dmg
 10163 | D:5      | Reached XP level 8. HP: 3/31 MP: 10/18
 10617 | D:5      | Noticed Eustachio
 10656 | D:5      | Killed Eustachio
 10656 | D:5      | Reached skill level 7 in Dodging
 10885 | D:5      | Found a stormy altar of Qazlal.
 10928 | D:5      | Found a burning altar of Makhleb.
 10928 | D:5      | Noticed a green death
 11055 | D:5      | Huge Dmg: 7 Dmg
 11174 | D:5      | Found a sparkling altar of Nemelex Xobeh.
 11854 | D:6      | Huge Dmg: 10 Dmg
 11855 | D:6      | Reached skill level 8 in Dodging
 12138 | D:6      | Huge Dmg: 9 Dmg
 12319 | D:6      | Huge Dmg: 8 Dmg
 12414 | D:7      | Noticed a hippogriff
 12425 | D:7      | Killed a hippogriff
 12537 | D:7      | Found a shadowy altar of Dithmenos.
 12630 | D:7      | Reached skill level 1 in Conjurations
 12765 | D:7      | Huge Dmg: 7 Dmg
 12838 | D:7      | Found Unikh's Book Emporium.
 12926 | D:7      | Found Dafaco's Weapon Boutique.
 13123 | D:7      | Huge Dmg: 9 Dmg
 13126 | D:7      | nice
 13126 | D:7      | jesus
 13421 | D:7      | welp
 13432 | D:6      | Huge Dmg: 19 Dmg
 13434 | D:6      | Huge Dmg: 5 Dmg
 13434 | D:6      | Slain by a water moccasin
 13435 | D:6      | Reached XP level 7. HP: -3/27 MP: 3/17
 13441 | D:7      | Reached XP level 8. HP: 31/31 MP: 15/18
 14188 | D:6      | Huge Dmg: 10 Dmg
 14261 | D:7      | Found a shimmering altar of Xom.
 14608 | D:7      | Found Iwawkul's Weapon Shop.
 14629 | D:7      | Reached skill level 5 in Conjurations
 15072 | D:6      | Huge Dmg: 8 Dmg
 15149 | D:7      | Huge Dmg: 12 Dmg
 15666 | D:8      | Found a sacrificial altar of Ru.
 15750 | D:8      | Huge Dmg: 11 Dmg
 15797 | D:8      | Reached XP level 9. HP: 30/34 MP: 2/22
 15932 | D:8      | Learned a level 4 spell: Throw Icicle
 16006 | D:8      | Found a blossoming altar of Fedhas.
 16137 | D:8      | Huge Dmg: 8 Dmg
 16277 | D:8      | Noticed a cyclops
 16280 | D:8      | hi
 16672 | D:8      | Huge Dmg: 7 Dmg
 16763 | D:8      | Acquired Ashenzari's first power
 16809 | D:8      | Reached skill level 5 in Spellcasting
 16818 | D:8      | Learned a level 4 spell: Summon Ice Beast
 17002 | D:8      | Noticed a hill giant
 17017 | D:8      | Killed a hill giant
 17057 | D:8      | Huge Dmg: 9 Dmg
 17193 | D:8      | Reached skill level 1 in Summonings
 17895 | D:9      | Found a radiant altar of Vehumet.
 18411 | D:9      | Huge Dmg: 10 Dmg
 18414 | D:9      | Reached skill level 5 in Summonings
 18753 | D:9      | Reached XP level 10. HP: 33/37 MP: 12/26
 18830 | D:9      | Found a basalt altar of Yredelemnul.
 18858 | D:9      | Huge Dmg: 17 Dmg
 18868 | D:9      | Huge Dmg: 11 Dmg
 19255 | D:9      | Noticed a centaur warrior
 19255 | D:9      | nnnnnnn
 19255 | D:9      | i hope i find lair so i can quit
 19269 | D:9      | Huge Dmg: 10 Dmg
 19270 | D:9      | Killed a centaur warrior
 19432 | D:10     | Entered Level 10 of the Dungeon
 19432 | D:10     | Noticed Josephine
 19433 | D:10     | mmmm
 19434 | D:10     | Noticed Noname's ghost (experienced DsWz)
 19492 | D:10     | Huge Dmg: 8 Dmg
 19502 | D:9      | Huge Dmg: 6 Dmg
 20196 | D:6      | Found a staircase to the Ecumenical Temple.
 20206 | Temple   | Entered the Ecumenical Temple
 20239 | D:6      | Huge Dmg: 10 Dmg
 20240 | D:6      | Huge Dmg: 8 Dmg
 20249 | D:6      | Huge Dmg: 8 Dmg
 20807 | D:7      | Killed Dowan
 20807 | D:7      | Reached skill level 9 in Summonings
 20850 | D:7      | Killed Duvessa
 21520 | D:8      | Huge Dmg: 8 Dmg
 21533 | D:8      | Reached skill level 1 in Evocations
 22465 | D:10     | Huge Dmg: 16 Dmg
 22476 | D:10     | Killed from afar by Josephine
 22477 | D:10     | Reached XP level 9. HP: 0/34 MP: 7/25
 22477 | D:10     | Found a staircase to the Lair.
 22477 | D:10     | Noticed an elephant
 22477 | D:10     | Noticed a hill giant
 22482 | D:10     | Killed a hill giant
 22625 | D:10     | Killed an elephant
 22625 | D:10     | Reached XP level 10. HP: 37/37 MP: 1/26
 22677 | Lair:1   | Entered Level 1 of the Lair of Beasts
 22706 | Lair:1   | Huge Dmg: 17 Dmg
 22721 | Lair:1   | Huge Dmg: 7 Dmg
 22722 | Lair:1   | Huge Dmg: 10 Dmg
 22730 | Lair:1   | Quit the game

Action                   |  1- 3 |  4- 6 |  7- 9 | 10-12 || total
-------------------------+-------+-------+-------+-------++-------
Melee: Unarmed           |    19 |    27 |   146 |   148 ||   340
 Cast: Freeze            |    55 |    74 |   214 |    73 ||   416
       Throw Frost       |    19 |   112 |   276 |    62 ||   469
       Ozocubu's Armour  |       |       |    24 |    21 ||    45
       Condensation Shie |       |       |    18 |    14 ||    32
       Summon Ice Beast  |       |       |    22 |    51 ||    73
       Throw Icicle      |       |       |     2 |       ||     2
Evoke: Wand              |       |       |       |     1 ||     1
       Stone of tremors  |       |       |       |     1 ||     1
       Phantom mirror    |       |       |       |     1 ||     1
  Use: Scroll            |     2 |       |    18 |     1 ||    21
       Potion            |     1 |       |     3 |     1 ||     5
 Stab: Sleeping          |     3 |     1 |     5 |       ||     9
       Distracted        |       |       |     2 |     3 ||     5
  Eat: Chunk             |    12 |    18 |    47 |    19 ||    96

Vault maps used:
D:1:      kilobyte_arrival_exit_the_forest
D:2:      first_bread
D:3:      evilmike_ruin_ashenzari, serial_forest, infiniplex_forest_straight_2,
          infiniplex_forest_corner_2, infiniplex_forest_lined_ring,
          infiniplex_forest_lined_room_2, infiniplex_forest_lined_room_2,
          infiniplex_forest_lined_room_2, infiniplex_forest_end_2,
          infiniplex_forest_end_1, infiniplex_forest_side_room
D:4:      okawaru_metal_pillars_1_2
D:5:      kennysheep_little_box, grunt_gozag_statues, makhleb_altar_promises_db,
          grunt_qazlal_clouds, uniq_eustachio
D:6:      lemuel_temple_firewalk, st_stairs_2
D:7:      grunt_dithmenos_smoke_and_mirrors, xom_teletrap_fun, serial_shops,
          shop_fountains, nicolae_shop_trees, kennysheep_mini_moat,
          nicolae_shop_waterfront, shop, grunt_ogre_cave, uniq_duvessa
D:8:      minmay_tri_box, nicolae_ru_awakened_eye, fedhas_altar_fruit_tree
D:9:      lemuel_mausoleum_altar_yredelemnul, lemuel_coloured_pillars_altar
D:10:     david_lair_generic, uniq_josephine
Temple:   zaba_magenta_temple_8
Lair:1:   uniq_erica
